 Dungeon Crawl Stone Soup version 0.31-a0-196-g86fe4a5e66 (webtiles) character file.

Game seed: 3056153725707953691

5838 Armakuni the Prestidigitator (level 11, 0/79 HPs)
             Began as a Human Wanderer on June 24, 2023.
             Was an Initiate of Gozag.
             Slain by a gnoll sergeant
             ... wielding a +6 spear of venom
              (4 damage)
             ... on level 8 of the Dungeon.
             The game lasted 00:27:31 (9905 turns).

Armakuni the Prestidigitator (Human Wanderer)       Turns: 9905, Time: 00:27:32

Health: 0/79       AC: 13    Str: 21    XL:     11   Next: 7%
Magic:  11/11      EV: 12    Int: 10    God:    Gozag
Gold:   396        SH:  5    Dex: 13    Spells: 10/12 levels left

rFire   + + .        b - +2 quarterstaff (heavy)
rCold   . . .        (shield currently unavailable)
rNeg    . . .        s - +2 scale mail {rF+}
rPois   .            (no helmet)
rElec   .            D - scarf {repulsion}
rCorr   .            (no gloves)
SInv    .            (no boots)
Will    .....        H - amulet of reflection Stlth
                     A - +4 ring of protection
HPRegen 0.33/turn    (no ring)
MPRegen 0.12/turn

%: repel missiles, reflection
@: lethally poisoned (0 -> -12)
A: claws 1, fire resistance 1, low MP 1, screaming 1, strong 1
a: Renounce Religion, Potion Petition, Call Merchant, Bribe Branch


You were on level 8 of the Dungeon.
You worshipped Gozag.
Gozag was aware of your devotion.
You visited 2 branches of the dungeon, and saw 9 of its levels.
You also visited: Sewer and Ossuary.

You collected 624 gold pieces.
You spent 110 gold pieces at shops.
You paid 118 gold pieces to Gozag.

Inventory:

Hand Weapons
 a - a +2 mace of venom
 b - a +2 heavy quarterstaff (weapon)
 e - a +0 war axe
Missiles
 l - 8 boomerangs
 u - a boomerang of dispersal
Armour
 j - a +0 cloak
 s - a +2 scale mail of fire resistance (worn)
 B - +1 acid dragon scales
 C - a +0 buckler
 D - a scarf of repulsion (worn)
Jewellery
 A - a +4 ring of protection (left claw)
 H - an amulet of reflection (around neck)
Wands
 m - a wand of mindburst (5)
 n - a wand of polymorph (10)
 r - a wand of roots (13)
 v - a wand of flame (48)
 z - a wand of digging (5)
Scrolls
 g - 4 scrolls of teleportation
 o - a scroll of enchant armour
 p - 4 scrolls of immolation
 q - a scroll of fog
 t - 2 scrolls of noise
 w - 2 scrolls of blinking
 x - a scroll of identify
 y - a scroll of brand weapon {unknown}
Potions
 c - 2 potions of attraction
 d - 2 potions of might
 f - 3 potions of cancellation
 h - 2 potions of mutation
 i - 8 potions of heal wounds
 k - 2 potions of curing


   Skills:
 - Level 5.0 Fighting
 - Level 0.3(3.6) Axes
 - Level 4.9(6.7) Maces & Flails
 - Level 3.0(5.3) Polearms
 + Level 6.9(7.9) Staves
 - Level 5.0 Armour
 - Level 5.0 Dodging
 - Level 4.0 Shields
 - Level 1.0 Spellcasting
 - Level 3.0 Ice Magic
 + Level 9.1 Evocations


You had 10 spell levels left.
You knew the following spells:

 Your Spells              Type           Power      Damage    Failure   Level
z - Searing Ray           Conj           0%         2d4       80%         2

Your spell library contained the following spells:

 Spells                   Type           Power      Damage    Failure   Level
 Freeze                   Ice            24%        1d4       26%         1
 Magic Dart               Conj           0%         1d3       65%         1
 Poisonous Vapours        Pois/Air       0%         N/A       80%         2
 Hailstorm                Conj/Ice       3%         3d3       82%         3
 Dazzling Flash           Conj/Hex       0%         N/A       95%         3
 Mephitic Cloud           Conj/Pois/Air  0%         N/A       95%         3
 Vhi's Electric Charge    Tloc/Air       0%         N/A       95%         3
 Volatile Blastmotes      Fire/Tloc      0%         2d10      95%         3
 Fulminant Prism          Conj/Hex       0%         3d5       100%        4
 Iskenderun's Mystic Bla  Conj/Tloc      0%         2d3       100%        4
 Arcjolt                  Conj/Air       0%         1d10      100%        5
 Freezing Cloud           Conj/Ice/Air   1%         6-21      100%        5
 Starburst                Conj/Fire      0%         6d3       100%        6
 Maxwell's Capacitive Co  Air            0%         ∞         100%        8


Dungeon Overview and Level Annotations

Branches:
Dungeon (8/15)             Temple (1/1) D:7           Sewer (visited)
Ossuary (visited)
   Lair: D:8-11

Altars:
Ashenzari
Cheibriados
Dithmenos
Elyvilon
Fedhas
Gozag
Hepliaklqana
Kikubaaqudgha
Makhleb
Nemelex Xobeh
Okawaru
Qazlal
Ru
Sif Muna
Trog
Uskayaw
Vehumet
Wu Jian
Xom
Yredelemnul
Zin
The Shining One

Shops:
D:6 !

Annotations:
D:8 3 runed translucent doors, Koushar's ghost, novice FeTm; t4s4d4r's ghost, novice DgHu


Innate Abilities, Weirdness & Mutations

You have sharp fingernails.
Your flesh is heat resistant. (rF+)
Your magical capacity is low. (-10% MP)
You occasionally shout uncontrollably at your foes.
Your muscles are strong. (Str +4, Int/Dex -1)


Message History

You feel very sick. The gnoll sergeant closely misses you.
The steam dragon breathes steam at you. The ball of steam hits you. You resist.
You feel sick.
You feel very sick.
You are too injured to fight recklessly!
You are too injured to fight recklessly!
You are too injured to fight recklessly!
You are too injured to fight recklessly!
You feel sick. You block the steam dragon's attack.
The steam dragon claws you but does no damage.
You closely miss the steam dragon.
The steam dragon is almost dead.
You feel sick.
The gnoll sergeant hits you from afar with a +6 spear of venom.
You are more poisoned.
The steam dragon bites you. The steam dragon completely misses you.
The steam dragon breathes steam at you. The ball of steam hits you. You resist.
The gnoll sergeant hits you but does no damage.
You are more poisoned.
You thump the steam dragon!
You kill the steam dragon!
* * * LOW HITPOINT WARNING * * *
You feel very sick. You block the gnoll sergeant's attack.
Your life force feels restored.
You feel very sick.
You feel very sick.
The gnoll sergeant hits you with a +6 spear of venom.
* * * LOW HITPOINT WARNING * * *
You are lethally poisoned!
You thump the gnoll sergeant!
The gnoll sergeant is moderately wounded.
* * * LOW HITPOINT WARNING * * *
You feel very sick.
The gnoll sergeant hits you with a +6 spear of venom.
You die...
Your body crumbles into a pile of gold.

#...# ########..
#...# #.# #...#
#.# #...# #.#
#...# #.#
#...###### #.#
#......... #.#
#$##########
####.#
#.g@........ #..#
# ###..#######
#..# # #..# #..#
#..##########..#
#.......)).....# $
#.###########.####
#.# #..... ..#
###### ####


You could see a gnoll sergeant.

Vanquished Creatures
  Joseph (D:7)
  Maggie (D:7)
  Grinder (D:6)
  2 steam dragons
  6 yaks (D:7)
  Menkaure (D:6)
  Duvessa (D:7)
  An orc warrior (D:8)
  2 hornet zombies (D:7)
  2 ice beasts
  3 ogres
  3 centaurs
  A phantom (D:5)
  A kobold brigand (D:7)
  3 bullfrogs
  A wyvern zombie (D:7)
  A gnoll sergeant (D:8)
  2 scorpions (D:4)
  4 water moccasin zombies
  12 wights
  Dowan (D:7)
  2 centaur zombies (D:7)
  A bullfrog zombie (D:7)
  3 hounds (D:5)
  2 jellies
  A gnoll bouda (D:5)
  5 orc priests
  5 iguanas
  A sleepcap (D:6)
  4 orc wizards
  2 killer bee zombies (D:7)
  3 mummies
  2 howler monkey zombies (D:7)
  11 gnolls
  A river rat (Sewer)
  16 adders
  4 shadow imps
  2 white imps (D:6)
  An ufetubus (D:6)
  5 adder zombies (Ossuary)
  A worm (D:3)
  A dart slug (D:3)
  33 orcs
  5 ball pythons
  4 endoplasms
  6 giant cockroaches
  6 hobgoblins
  4 quokkas
  3 bats (D:1)
  8 frilled lizards
  7 gnoll zombies (Ossuary)
  13 goblins
  4 hobgoblin zombies (Ossuary)
  5 kobolds
  6 kobold zombies (Ossuary)
  7 orc zombies (Ossuary)
  10 rats
244 creatures vanquished.

Vanquished Creatures (others)
  A wizard (D:4)
  2 orc wizards (D:7)
  A gnoll (D:8)
  An adder (D:6)
  An orc (D:8)
6 creatures vanquished.

Grand Total: 250 creatures vanquished

Notes
Turn   | Place    | Note
-------+----------+-------------------------------------------
     0 | D:1      | Armakuni the Human Wanderer began the quest for the Orb.
     0 | D:1      | Armakuni set off with the following items: a +0 trident, a
                  | +0 buckler, a potion of invisibility, a +0 leather armour;
                  | and the following spell memorised: Freeze; and the
                  | following spells available to memorise: Hailstorm.
     0 | D:1      | Reached XP level 1. HP: 15/15 MP: 2/2
   101 | D:1      | Reached XP level 2. HP: 21/22 MP: 3/3
   291 | D:1      | Reached XP level 3. HP: 28/28 MP: 4/4
  1260 | D:2      | Identified the +7 short sword "Diapairch" {protect, rElec
                  | rF- Str+5}
  1418 | D:2      | Reached XP level 4. HP: 34/35 MP: 5/5
  1893 | D:3      | Reached XP level 5. HP: 42/42 MP: 6/6
  1957 | D:3      | Found a glowing drain.
  2003 | D:3      | Reached skill level 5 in Fighting
  2011 | Sewer    | Entered a sewer
  2042 | Sewer    | Reached skill level 1 in Armour
  2125 | Sewer    | Reached XP level 6. HP: 33/51 MP: 7/7
  2817 | D:3      | Found a shimmering blue altar of Sif Muna.
  2957 | D:4      | Gained mutation: Your magical capacity is low. (-10% MP)
                  | [potion of mutation]
  2957 | D:4      | Gained mutation: Your magical capacity is very low. (-20%
                  | MP) [potion of mutation]
  2957 | D:4      | Gained mutation: You are somewhat resistant to further
                  | mutation. [potion of mutation]
  2998 | D:4      | Reached XP level 7. HP: 44/56 MP: 6/6
  3298 | D:4      | Found a shadowy altar of Dithmenos.
  3298 | D:4      | Found a sparkling altar of Nemelex Xobeh.
  3422 | D:4      | Reached skill level 5 in Armour
  3447 | D:4      | Found a bloodstained altar of Trog.
  3498 | D:4      | Found a sand-covered staircase.
  3507 | Ossuary  | Entered an ossuary
  3608 | Ossuary  | Reached skill level 1 in Maces & Flails
  3871 | Ossuary  | Reached XP level 8. HP: 49/62 MP: 7/7
  3945 | Ossuary  | Lost mutation: You are somewhat resistant to further
                  | mutation. [potion of mutation]
  3945 | Ossuary  | Lost mutation: Your magical capacity is very low. (-20% MP)
                  | [potion of mutation]
  3945 | Ossuary  | Gained mutation: You have sharp fingernails. [potion of
                  | mutation]
  3945 | Ossuary  | Gained mutation: You occasionally shout uncontrollably at
                  | your foes. [potion of mutation]
  3945 | Ossuary  | Gained mutation: Your muscles are strong. (Str +4, Int/Dex
                  | -1) [potion of mutation]
  3945 | Ossuary  | Gained mutation: Your flesh is heat resistant. (rF+)
                  | [potion of mutation]
  3992 | D:4      | Learned a level 2 spell: Searing Ray
  4041 | D:4      | Noticed a wizard
  4044 | D:4      | Killed a wizard
  4103 | D:4      | Found an ornate altar of the Wu Jian Council.
  4187 | D:4      | Found a burning altar of Makhleb.
  4333 | D:5      | Entered Level 5 of the Dungeon
  4344 | D:5      | Found the +8 trident of the Octopus King {venom, rElec
                  | rPois}
  4413 | D:5      | Found a snail-covered altar of Cheibriados.
  4776 | D:5      | Paralysed by an orc for 3 turns
  5147 | D:5      | Reached skill level 1 in Evocations
  5506 | D:5      | Reached skill level 2 in Evocations
  5659 | D:6      | Reached XP level 9. HP: 45/68 MP: 9/9
  5990 | D:6      | Found Qiakhe's Distillery.
  6005 | D:6      | Reached skill level 3 in Evocations
  6024 | D:6      | Bought a potion of heal wounds for 55 gold pieces
  6024 | D:6      | Bought a potion of heal wounds for 55 gold pieces
  6143 | D:6      | Noticed Grinder
  6155 | D:6      | Killed Grinder
  6156 | D:6      | Reached skill level 4 in Evocations
  6315 | D:6      | Noticed Menkaure
  6319 | D:6      | Killed Menkaure
  6450 | D:7      | Noticed Maggie
  6496 | D:7      | Noticed Joseph
  6548 | D:7      | Killed Joseph
  6549 | D:7      | Reached skill level 5 in Dodging
  6549 | D:7      | Reached skill level 5 in Evocations
  6731 | D:7      | Reached skill level 1 in Staves
  6878 | D:7      | Reached skill level 6 in Evocations
  6933 | D:7      | Reached XP level 10. HP: 66/74 MP: 10/10
  7239 | D:7      | Reached skill level 7 in Evocations
  7559 | D:7      | Reached skill level 5 in Staves
  7687 | D:7      | Reached skill level 8 in Evocations
  7838 | D:7      | Found a basalt altar of Yredelemnul.
  7865 | D:7      | Found a glowing golden altar of the Shining One.
  7867 | D:7      | Noticed an angel
  7877 | D:7      | Noticed a profane servitor
  7976 | D:7      | Killed Maggie
  8075 | D:7      | Found a staircase to the Ecumenical Temple.
  8086 | Temple   | Entered the Ecumenical Temple
  8276 | Temple   | Became a worshipper of Gozag Ym Sagoz the Greedy
  8336 | D:7      | Noticed Duvessa
  8336 | D:7      | Noticed Dowan
  8345 | D:7      | Killed Dowan
  8469 | D:7      | Killed Duvessa
  8817 | D:8      | Found a runed translucent gate.
  8817 | D:8      | Found a runed translucent gate.
  8817 | D:8      | Found a runed translucent gate.
  8821 | D:8      | Noticed Koushar's ghost (novice FeTm)
  8821 | D:8      | Noticed t4s4d4r's ghost (novice DgHu)
  9588 | D:8      | Reached XP level 11. HP: 68/79 MP: 11/11
  9732 | D:8      | Reached skill level 9 in Evocations
  9905 | D:8      | Slain by a gnoll sergeant

Illustrated notes

Levels and vault maps discovered:
D:1:      dpeg_arrival_fog, layout_loops_corners, kennysheep_decorative_pillar
D:2:      layout_loops_ring
D:3:      layout_loops_ring, led_sif_book, gup_sewer_entry_glass
D:4:      layout_cave_pools, trog_wizard, jmf_multi_god_temple,
          mainiacjoe_overflow_two_lobes, enter_ossuary_1
D:5:      kb_forest_paths, layout_basic, slow_altar_1
D:6:      dreamdust_elfheim, layout_gridville, serial_shops, shop,
          nicolae_fountain_basement, uniq_menkaure, uniq_grinder
D:7:      layout_gridville, grunt_temple_overflow_holy_war,
          minmay_temple_entry_mini_moons, serial_undead, serial_undead_e,
          serial_undead_f, serial_undead_d, serial_undead_b,
          chequers_serial_rivers_micro_d, uniq_joseph, uniq_duvessa, uniq_maggie
D:8:      layout_basic, gammafunk_ghost_cemetery
Temple:   nicolae_temple_bog_church

Skill      XL: |  1  2  3  4  5  6  7  8  9 10 11 |
---------------+----------------------------------+-----
Fighting       | 2 3 4 5 |  5.0
Armour         | 1 4 5 |  5.0
Maces & Flails | 3 4 |  4.9
Dodging        | 3 5 |  5.0
Evocations     | 2 6 8 9 |  9.1
Shields        | 3 4 |  4.0
Staves         | 2 6 |  6.9
Axes           | |  0.3
Polearms       | |  3.0
Spellcasting   | |  1.0
Ice Magic      | |  3.0

Action                     |  1- 3 |  4- 6 |  7- 9 | 10-12 || total
---------------------------+-------+-------+-------+-------++-------
  Melee: Trident           |    91 |       |       |       ||    91
         Short sword       |     7 |   145 |    59 |       ||   211
         Mace              |       |       |   379 |       ||   379
         Quarterstaff      |       |       |    18 |   203 ||   221
         Unarmed           |       |       |       |     6 ||     6
   Cast: Freeze            |       |       |     1 |       ||     1
  Evoke: Wand              |       |       |     9 |     1 ||    10
    Use: Scroll            |     2 |     4 |     8 |     4 ||    18
         Potion            |       |     6 |     5 |     4 ||    15
   Stab: Sleeping          |     1 |       |     1 |       ||     2
         Invisible         |       |     3 |       |     6 ||     9
         Paralysed         |       |       |     7 |       ||     7
 Armour: Leather armour    |    24 |    47 |   156 |    39 ||   266
         Acid dragon scale |       |       |       |    25 ||    25
         Scale mail        |       |       |       |    10 ||    10
  Dodge: Dodged            |    35 |    88 |   287 |   157 ||   567
  Block: Buckler           |    12 |    22 |   101 |       ||   135
         Other             |       |       |     6 |    55 ||    61
         Reflection        |       |       |     1 |     1 ||     2

Table legend: (Time is in decaauts)
 A = Elapsed time spent in this place.
 B = Non-inter-level travel time spent in this place.
 C = Inter-level travel time spent in this place.
 D = Time resting spent in this place.
 E = Time spent auto-exploring this place.
 F = Levels seen in this place.
 G = Mean time per level.
                   A        B        C        D        E       F      G
               +--------+--------+--------+--------+--------+-----+--------+
         Total |  10214 |   9831 |    383 |   1726 |   5634 |  11 |  928.5 |
       Dungeon |   8946 |   8577 |    369 |   1586 |   4991 |   8 | 1118.2 |
        Temple |    212 |    198 |     14 |      0 |    180 |   1 |  212.0 |
         Sewer |    553 |    553 |      0 |     64 |    314 |   1 |  553.0 |
       Ossuary |    501 |    501 |      0 |     76 |    149 |   1 |  501.0 |
               +--------+--------+--------+--------+--------+-----+--------+

Top non-repeatable levels by time:
     D:7: 1830 daAuts
     D:5: 1390 daAuts
     D:8: 1286 daAuts
     D:4: 1041 daAuts
     D:1: 1022 daAuts
     D:6: 1016 daAuts
     D:3: 797 daAuts
     D:2: 561 daAuts
   Sewer: 553 daAuts
 Ossuary: 501 daAuts
  Temple: 212 daAuts
